Cogmind - Beta 16.1 @@@ ROGUE MODE // 2026.01.09 @ 21:31:50 Player: JuustuToug Result: Destroyed by X-72 Disruptor with Arc Projector Performance ------------- Evolutions (6) 3000 Regions Visited (11) 2200 Robots Destroyed (53) 265 Value Destroyed (1328) 1328 Prototype IDs (17) 340 Alien Tech Used (3) 600 Bonus (800) 800 TOTAL SCORE: 8533 Bonus ------- Entered DSFs 500 Registered with UFD 300 Cogmind --------- Core Integrity 0/1150 Matter 300/300 Energy 100/100 System Corruption 0% Temperature Cool (0) Movement Core (50) Location -4/DSF Parts ------- > --- POWER (2) -------- (None) > --- PROPULSION (4) --- (None) > --- UTILITY (11) ----- Advanced Signal Interpreter > --- WEAPON (2) ------- (None) > --- INVENTORY (5) ---- Fusion Reactor Microactuators Improved Force Booster Transmission Jammer Heavy Missile Launcher Peak State ------------ > --- POWER ------------ Fission Core Fusion Reactor > --- PROPULSION ------- Carbon-fiber Leg Enhanced Flexi-carbon Leg Enhanced Flexi-carbon Leg Enhanced Flexi-carbon Leg > --- UTILITY ---------- Large Storage Unit Advanced Signal Interpreter Surveybot 17 Chip Improved Melee Analysis Suite Precision Matter Filter Force Booster Advanced Reaction Control System Improved Medium Armor Plating Makeshift System Shield > --- WEAPON ----------- Companion Sword > --- INVENTORY -------- Light Fission Core Carbon-fiber Leg Flexi-carbon Leg Flexi-carbon Leg Deep Structural Scanner Improved Transmission Jammer Advanced Reaction Control System Layered Light Armor Plating Improved Hacking Suite Advanced Hacking Suite A0-MCA's Component Scanner Transdimensional Reconstructor Heavy Missile Launcher Improved Datajack CPS Tube [Rating: 93] Favorites ----------- Power Subdweller Power Source Engine Subdweller Power Source Power Core Neutrino Core Reactor Fusion Reactor Propulsion Enhanced Flexi-carbon Leg Treads Light Treads Leg Enhanced Flexi-carbon Leg Wheel Wheel Utility Large Storage Unit Device Improved Terrain Scanner Storage Large Storage Unit Processor Advanced Signal Interpreter Hackware Makeshift System Shield Protection Improved Medium Armor Plating Weapon Companion Sword Energy Gun Subdweller Laser Energy Cannon Particle Cannon Ballistic Gun Assault Rifle Ballistic Cannon Battle Cannon Slashing Weapon Companion Sword Special Melee Weapon Improved Datajack Build | -11 -10 -10 -7 -7 -5 -5 -5 -5 -4 -4 -4 ------- Run | Yrd Mat Sub Rec Scr Fac Upp Upp Zhi Pro Fac DSF Slots Evolved 12 | . . . . . 10 . . . . 2 . Power 1 | . . . . . 1 . . . . . . Propulsion 2 | . . . . . 2 . . . . . . Utility 9 | . . . . . 7 . . . . 2 . Weapon . | . . . . . . . . . . . . Parts Attached 77 | 8 8 11 . 8 17 4 6 3 5 3 4 Power 15 | 1 1 3 . 3 4 . 1 1 . 1 . Engine 8 | 1 1 3 . 2 1 . . . . . . Core 5 | . . . . 1 3 . 1 . . . . Reactor 2 | . . . . . . . . 1 . 1 . Propulsion 17 | 2 . 3 . 1 5 1 3 . 1 . 1 Treads 7 | 2 . 2 . 1 1 1 . . . . . Leg 9 | . . . . . 4 . 3 . 1 . 1 Wheel 1 | . . 1 . . . . . . . . . Hover . | . . . . . . . . . . . . Flight . | . . . . . . . . . . . . Utility 33 | 3 4 1 . 2 8 2 2 2 4 2 3 Device 20 | 2 2 1 . 1 4 1 1 1 4 1 2 Storage 4 | 1 2 . . . . . . . . . 1 Processor 3 | . . . . . 2 . 1 . . . . Hackware 2 | . . . . . 1 . . . . 1 . Protection 4 | . . . . 1 1 1 . 1 . . . Artifact . | . . . . . . . . . . . . Weapon 12 | 2 3 4 . 2 . 1 . . . . . Energy Gun 1 | . . 1 . . . . . . . . . Energy Cannon 3 | . 1 1 . 1 . . . . . . . Ballistic Gun 2 | 2 . . . . . . . . . . . Ballistic Cannon 4 | . 2 2 . . . . . . . . . Launcher . | . . . . . . . . . . . . Special Weapon . | . . . . . . . . . . . . Impact Weapon . | . . . . . . . . . . . . Slashing Weapon 1 | . . . . 1 . . . . . . . Piercing Weapon . | . . . . . . . . . . . . Special Melee Weapon 1 | . . . . . . 1 . . . . . Unidentified Prototypes 8 | . . . . 1 1 1 . 4 1 . . Parts Lost 31 | . 1 6 . . 3 1 . . 8 2 10 Power 6 | . 1 2 . . 1 . . . 1 . 1 Propulsion 9 | . . 2 . . 1 . . . 1 1 4 Utility 13 | . . . . . 1 1 . . 6 1 4 Weapon 3 | . . 2 . . . . . . . . 1 Highest Loss Streak 9 | . 1 5 . . 2 1 . . 5 2 9 To Critical Strikes 2 | . . 1 . . . . . . . . 1 Average Backups 12 | 2 8 13 14 11 10 14 15 14 7 3 4 Power 1 | . . . 1 . 1 2 1 1 . . . Propulsion 1 | . 1 . . . 1 2 2 3 2 1 . Utility 4 | . 2 4 5 4 5 6 7 7 3 1 2 Weapon 4 | . 3 7 8 4 1 1 1 1 1 1 1 Tool/Special . | . . . . . . . . . . . . Unused Backups 37 | . 3 4 . 17 3 2 2 1 4 . 1 Power 2 | . . . . 1 . . . . 1 . . Propulsion 1 | . . . . 1 . . . . . . . Utility 16 | . . 1 . 7 2 2 1 1 2 . . Weapon 16 | . 3 3 . 8 1 . . . . . 1 Tool/Special 2 | . . . . . . . 1 . 1 . . Average Slot Usage (%) 94 | . 99 99 100 90 90 93 94 94 86 73 40 Engine 9 | . 13 13 14 9 4 5 4 . . . . Core 2 | . . . . 3 4 5 5 8 1 . . Treads 20 | . 28 27 28 28 8 5 4 . . . . Leg 5 | . . . . . 13 17 17 23 22 21 8 Device 14 | . 14 14 14 10 22 21 13 16 23 21 8 Storage 10 | . 14 14 14 13 5 5 5 5 1 . 1 Processor 3 | . . . . . 9 11 15 17 12 10 6 Hackware 1 | . . . . . 4 5 5 5 5 7 6 Protection 2 | . . . . 2 5 5 10 5 3 . . Energy Gun 4 | . . 11 14 1 . . . . . . . Energy Cannon 2 | . 2 2 . 6 . . . . . . . Ballistic Gun 1 | . 13 . . . . . . . . . . Ballistic Cannon 8 | . 12 14 14 7 . . . . . . . Slashing Weapon 2 | . . . . 6 5 5 5 5 5 5 5 Peak Build Rating 93 | 8 11 16 16 25 78 87 88 93 89 86 90 Average Rating 34 | 6 8 15 16 20 68 82 84 88 78 80 41 On Entrance 46 | . 8 11 16 16 25 78 84 87 89 72 72 Avg Prop Armor Cover (%) 9 | . . 5 . 39 5 6 5 . . . . Naked Turns . | . . . . . . . . . . . . Heaviest Build 70 | 13 31 33 33 38 62 66 70 64 62 42 65 Greatest Support 104 | 40 40 40 40 43 97 84 99 99 104 104 96 Greatest Overweight (x) 1 | . . 1 . 1 1 . . . . . 1 Average Overweight (x) . | . . . . . . . . . . . . Largest Inventory Capacity 15 | 8 15 15 15 15 15 15 15 15 15 5 10 Average Capacity 14 | 7 14 15 15 14 15 15 15 15 7 5 6 Most Carried 15 | 5 15 15 15 15 15 15 15 15 15 4 5 Average Carried 12 | 3 9 14 15 12 10 14 15 14 7 3 4 Final Capacity 15 | 8 15 15 15 15 15 15 15 15 5 5 5 Final Carried 15 | 5 15 15 15 15 15 15 15 15 4 3 5 Class Distribution -------------------- 41% | Mutant 38% | Scavenger-Mutant 9% | Scavenger-Assassin 4% | Derelict-Assassin 4% | Derelict-Mutant Dominant Class ---------------- Mutant | -10/Materials Scavenger-Mutant | -10/Subcaves Scavenger-Mutant | -7/Recycling Mutant | -7/Scraptown Derelict-Assassin | -5/Factory Scavenger-Assassin | -5/Upper Caves Scavenger-Mutant | -5/Upper Caves Scavenger-Mutant | -5/Zhirov Derelict-Mutant | -4/Proximity Caves Hacker-Mutant | -4/Factory Mutant | -4/DSF Resources | -11 -10 -10 -7 -7 -5 -5 -5 -5 -4 -4 -4 ----------- Run | Yrd Mat Sub Rec Scr Fac Upp Upp Zhi Pro Fac DSF Matter Collected 1776 | 386 435 238 . 224 235 79 80 . 96 . 3 Remotely 164 | 164 . . . . . . . . . . . Salvage Created 1983 | 216 588 180 . . 429 208 241 . 121 . . Parts 109 | 10 32 14 . . 28 7 10 . 8 . . Haulers Intercepted 2 | . 2 . . . . . . . . . . Recyclers Shooed . | . . . . . . . . . . . . Parts Field Recycled . | . . . . . . . . . . . . Retrieved Matter . | . . . . . . . . . . . . Parts Self-Destructed 29 | . . 10 . . . 6 5 . 8 . . Prevented . | . . . . . . . . . . . . Parts Restored . | . . . . . . . . . . . . Kills | -11 -10 -10 -7 -7 -5 -5 -5 -5 -4 -4 -4 ------- Run | Yrd Mat Sub Rec Scr Fac Upp Upp Zhi Pro Fac DSF Combat Hostiles Destroyed 35 | . 13 5 . . 7 2 3 . 5 . . Melee 17 | . . . . . 7 2 3 . 5 . . Guns 6 | . 6 . . . . . . . . . . Cannons 12 | . 7 5 . . . . . . . . . Classes Destroyed 13 | 3 5 1 . . 2 2 . . . . . Worker 2 | 2 . . . . . . . . . . . Builder 1 | . 1 . . . . . . . . . . Tunneler 5 | 5 . . . . . . . . . . . Hauler 2 | . 2 . . . . . . . . . . Recycler 4 | 1 2 . . . 1 . . . . . . Minesweeper 1 | . . . . . . 1 . . . . . Watcher 3 | . 2 . . . 1 . . . . . . Swarmer 16 | . 6 . . . 5 . . . 5 . . Grunt 11 | . 7 . . . . 1 3 . . . . Sentry 2 | . . . . . 1 1 . . . . . Hunter 1 | . . . . . 1 . . . . . . Subdweller 5 | . . 5 . . . . . . . . . Decomposer 3 | . . . . . . . 3 . . . . Samaritan 1 | . . . . . . 1 . . . . . Best Kill Streak 7 | 7 3 2 . . 3 1 1 . 5 . . Combat Bots Only 5 | . 3 2 . . 3 1 1 . 5 . . Max Kills in Single Turn 1 | 1 1 1 . . 1 1 1 . 1 . . Gunslinging . | . . . . . . . . . . . . Exploded . | . . . . . . . . . . . . Melee 1 | . . . . . 1 1 1 . 1 . . Uniques/NPCs Destroyed . | . . . . . . . . . . . . Combat | -11 -10 -10 -7 -7 -5 -5 -5 -5 -4 -4 -4 -------- Run | Yrd Mat Sub Rec Scr Fac Upp Upp Zhi Pro Fac DSF Hostile Shots Fired 561 | . 57 74 . . 98 34 20 . 116 11 151 Missed 188 | . 14 19 . . 30 15 7 . 46 6 51 Hits 373 | . 43 55 . . 68 19 13 . 70 5 100 Projectile 373 | . 43 55 . . 68 19 13 . 70 5 100 Critical Strikes 15 | . . 1 . . 1 4 3 . 3 . 3 Damage Taken 5756 | . 428 772 . . 762 247 258 . 1402 74 1813 Core 1796 | . 54 88 . . 96 66 49 . 290 15 1138 Absorbed by Shields 353 | . . . . . 269 84 . . . . . Core Remaining (%) 62 | 100 . . . 43 . . . . 44 . . Volleys Fired 134 | 16 50 68 . . . . . . . . . Largest 2 | 2 2 2 . . . . . . . . . Hottest 98 | 40 98 98 . . . . . . . . . Shots Fired 245 | 32 100 113 . . . . . . . . . Gun 96 | 32 46 18 . . . . . . . . . Cannon 149 | . 54 95 . . . . . . . . . Launcher . | . . . . . . . . . . . . Special . | . . . . . . . . . . . . Kinetic 197 | 32 99 66 . . . . . . . . . Thermal 48 | . 1 47 . . . . . . . . . Explosive . | . . . . . . . . . . . . Electromagnetic . | . . . . . . . . . . . . Robot Hit Streak 18 | 13 9 18 . . . . . . . . . Robot Miss Streak 9 | 1 3 9 . . . . . . . . . Penetration Max . | . . . . . . . . . . . . Secondary Targets . | . . . . . . . . . . . . Shots Hit Robots 178 | 23 62 31 . . 24 13 15 . 10 . . Core Hits 63 | 9 23 9 . . 7 5 4 . 6 . . Critical Kills . | . . . . . . . . . . . . Critical Parts Destroyed . | . . . . . . . . . . . . Critical Strikes 5 | . 4 1 . . . . . . . . . Blast 5 | . 4 1 . . . . . . . . . Melee Attacks 111 | . . . . . 47 22 21 . 21 . . Impact . | . . . . . . . . . . . . Slashing 110 | . . . . . 47 21 21 . 21 . . Piercing . | . . . . . . . . . . . . Sneak Attacks 9 | . . . . . 1 4 4 . . . . Combat Hostiles . | . . . . . . . . . . . . Follow-up Attacks 3 | . . . . . 2 . . . 1 . . Damage Inflicted 4796 | 282 1009 543 . . 1016 623 844 . 470 . 9 Guns 622 | 282 340 . . . . . . . . . . Cannons 1194 | . 651 543 . . . . . . . . . Explosions . | . . . . . . . . . . . . Melee 2953 | . . . . . 1016 623 844 . 470 . . Ramming 27 | . 18 . . . . . . . . . 9 Kinetic 1464 | 282 971 211 . . . . . . . . . Thermal 352 | . 20 332 . . . . . . . . . Explosive . | . . . . . . . . . . . . Electromagnetic . | . . . . . . . . . . . . Impact . | . . . . . . . . . . . . Slashing 2953 | . . . . . 1016 623 844 . 470 . . Piercing . | . . . . . . . . . . . . Highest Corruption 3 | . . . . . . . . . 3 . . Average Corruption 3 | . . . . . . . . . 3 . . Corruption Purged . | . . . . . . . . . . . . Corruption Blocked . | . . . . . . . . . . . . Effects 4 | . . . . . . . . . 4 . . Message Errors 1 | . . . . . . . . . 1 . . Matter Fused 1 | . . . . . . . . . 1 . . Heat Flow Errors 1 | . . . . . . . . . 1 . . Data Loss (minor) 1 | . . . . . . . . . 1 . . Overload Shots . | . . . . . . . . . . . . Overflow Damage 593 | . . . . . 140 48 405 . . . . Projectiles . | . . . . . . . . . . . . Explosions . | . . . . . . . . . . . . Melee 593 | . . . . . 140 48 405 . . . . Knockbacks 8 | . 6 2 . . . . . . . . . Impact . | . . . . . . . . . . . . Kinetic 7 | . 5 2 . . . . . . . . . Secondary 1 | . 1 . . . . . . . . . . Self-Inflicted Damage 3 | . . . . . . . . . . . 3 Shots . | . . . . . . . . . . . . Rammed 5 | . 2 . . . . . . . . . 3 Targets Rammed 5 | . 2 . . . . . . . . . 3 Kicked . | . . . . . . . . . . . . Crushed . | . . . . . . . . . . . . Highest Temperature 347 | . 36 4 . . . . 8 . 347 . . Average Temperature 101 | . 6 4 . . . . 6 . 152 . . Received Heat Transfer 1513 | . 144 297 . . 18 38 171 . 503 . 342 Siege Activations . | . . . . . . . . . . . . Martial Activations . | . . . . . . . . . . . . Shielding Activations . | . . . . . . . . . . . . Robots Disrupted 1 | . . . . . . . . . 1 . . Combat Hostiles 1 | . . . . . . . . . 1 . . Robots Corrupted . | . . . . . . . . . . . . Combat Hostiles . | . . . . . . . . . . . . Parts Fried . | . . . . . . . . . . . . Impact Corruptions . | . . . . . . . . . . . . Robots Melted . | . . . . . . . . . . . . Combat Hostiles . | . . . . . . . . . . . . Parts Melted 1 | . . 1 . . . . . . . . . Heat Transferred 629 | . 37 592 . . . . . . . . . Parts Sabotaged . | . . . . . . . . . . . . Parts Stolen . | . . . . . . . . . . . . Parts Stripped . | . . . . . . . . . . . . Power Chain Reactions . | . . . . . . . . . . . . Alert | -11 -10 -10 -7 -7 -5 -5 -5 -5 -4 -4 -4 ------- Run | Yrd Mat Sub Rec Scr Fac Upp Upp Zhi Pro Fac DSF Maximum Alert Level 2 | . . . . . . . . . . 2 1 Low Security (%) 93 | 100 100 . 100 . 100 . . . . . . Level 1 4 | . . . . . . . . . . . 100 Level 2 1 | . . . . . . . . . . 100 . Level 3 . | . . . . . . . . . . . . Level 4 . | . . . . . . . . . . . . Level 5 . | . . . . . . . . . . . . High Security . | . . . . . . . . . . . . Max Security . | . . . . . . . . . . . . Peak Influence 471 | 15 140 . 6 . 42 . . . . 471 303 Initial 471 | . . . 6 . . . . . . 471 303 Average 48 | 2 52 . . . 7 . . . . 461 256 Influence Increases 1492 | 40 490 15 . . 204 60 90 . 110 453 30 Destroy 0b10 Robot/C 600 | . 260 . . . 140 40 60 . 100 . . Destroy 0b10 Robot/NC 90 | 40 35 . . . 10 5 . . . . . Destroy Leader 110 | . 68 . . . 32 . . . 10 . . Successful Hack 53 | . 50 . . . . . . . . 3 . Destroy Structure 24 | . 2 . . . 22 . . . . . . Advance Influence 450 | . . . . . . . . . . 450 . Lose Combat Pursuer 165 | . 75 15 . . . 15 30 . . . 30 Influence Decreases 1259 | 40 433 58 14 . 199 65 38 52 76 53 231 Entered New Map 235 | . . 28 8 . . 3 . 52 . 13 131 Time Decay 842 | 40 423 30 6 . 179 60 38 . 46 20 . Lost Part 182 | . 10 . . . 20 2 . . 30 20 100 Squads Dispatched 7 | . 3 . . . 3 . . . . . 1 Investigation 1 | . 1 . . . . . . . . . . Extermination 2 | . . . . . 2 . . . . . . Reinforcement 4 | . 2 . . . 1 . . . . . 1 Assault . | . . . . . . . . . . . . Garrison . | . . . . . . . . . . . . Intercept . | . . . . . . . . . . . . Searches Triggered . | . . . . . . . . . . . . Construction Impeded . | . . . . . . . . . . . . Haulers Reinforced . | . . . . . . . . . . . . Active Scanning Responses . | . . . . . . . . . . . . Cargo Convoy Interrupts . | . . . . . . . . . . . . Stealth | -11 -10 -10 -7 -7 -5 -5 -5 -5 -4 -4 -4 --------- Run | Yrd Mat Sub Rec Scr Fac Upp Upp Zhi Pro Fac DSF Distress Signals 6 | . 4 . . . 2 . . . . . . Communications Jammed 4 | . . . . . 2 . . . 2 . . Distress Signals 2 | . . . . . 2 . . . . . . Times Spotted 86 | . 24 8 . . 13 3 6 . 17 5 10 Peak Tracking Total 8 | . 4 2 . . 3 1 4 . 5 4 8 Tactical Retreats 11 | . 3 1 . . . 1 1 . 1 1 3 ECM-based Alert Blocks 6 | . . . . . . . . . 4 1 1 Traps | -11 -10 -10 -7 -7 -5 -5 -5 -5 -4 -4 -4 ------- Run | Yrd Mat Sub Rec Scr Fac Upp Upp Zhi Pro Fac DSF Traps Triggered 1 | . 1 . . . . . . . . . . Indirectly . | . . . . . . . . . . . . Trap Hack Attempts . | . . . . . . . . . . . . Triggered . | . . . . . . . . . . . . Disarmed . | . . . . . . . . . . . . Reprogrammed . | . . . . . . . . . . . . Reused . | . . . . . . . . . . . . Traps Extracted . | . . . . . . . . . . . . Installed . | . . . . . . . . . . . . Triggered . | . . . . . . . . . . . . Machines | -11 -10 -10 -7 -7 -5 -5 -5 -5 -4 -4 -4 ---------- Run | Yrd Mat Sub Rec Scr Fac Upp Upp Zhi Pro Fac DSF Machines Disabled 3 | . . 1 . . . 1 1 . . . . Max in Single Turn 1 | . . 1 . . . 1 1 . . . . Machines Repaired . | . . . . . . . . . . . . Machines Dismantled . | . . . . . . . . . . . . Machines Sabotaged . | . . . . . . . . . . . . Overloaded Fab Kills . | . . . . . . . . . . . . Hacking | -11 -10 -10 -7 -7 -5 -5 -5 -5 -4 -4 -4 --------- Run | Yrd Mat Sub Rec Scr Fac Upp Upp Zhi Pro Fac DSF Machines Accessed 18 | . 6 1 . 3 2 . 1 4 . 1 . Terminals 10 | . 6 . . . 2 . 1 . . 1 . Fabricators . | . . . . . . . . . . . . Repair Stations . | . . . . . . . . . . . . Recycling Units . | . . . . . . . . . . . . Scanalyzers . | . . . . . . . . . . . . Garrison Access . | . . . . . . . . . . . . Total Hacks 69 | . 17 4 . 21 5 . 4 17 . 1 . Successful 56 | . 9 4 . 21 . . 4 17 . 1 . Failed 12 | . 7 . . . 5 . . . . . . Catastrophic 1 | . . . . . 1 . . . . . . Database Lockouts 1 | . 1 . . . . . . . . . . Manual 19 | . 18 . . . 1 . . . . . . Terminals 27 | . 17 . . . 5 . 4 . . 1 . Fabricators . | . . . . . . . . . . . . Repair Stations . | . . . . . . . . . . . . Recycling Units . | . . . . . . . . . . . . Scanalyzers . | . . . . . . . . . . . . Garrison Access . | . . . . . . . . . . . . Terminal Hacks 48 | . 1 4 . 21 . . 4 17 . 1 . Record 33 | . . 4 . 20 . . 4 5 . . . Part Schematic 5 | . 1 . . . . . . 4 . . . Robot Analysis 4 | . . . . . . . . 4 . . . Prototype ID Bank 4 | . . . . . . . . 4 . . . Open Door 1 | . . . . 1 . . . . . . . Open DSF 1 | . . . . . . . . . . 1 . Fabricator Hacks . | . . . . . . . . . . . . Repair Station Hacks . | . . . . . . . . . . . . Recycling Unit Hacks . | . . . . . . . . . . . . Scanalyzer . | . . . . . . . . . . . . Garrison Access Hacks . | . . . . . . . . . . . . Unauthorized Hacks 8 | . 8 . . . . . . . . . . Terminals 8 | . 8 . . . . . . . . . . Botnet 3 | . 3 . . . . . . . . . . Skim 5 | . 5 . . . . . . . . . . Fabricators . | . . . . . . . . . . . . Repair Stations . | . . . . . . . . . . . . Recycling Units . | . . . . . . . . . . . . Scanalyzers . | . . . . . . . . . . . . Garrison Access . | . . . . . . . . . . . . Data Cores Recovered . | . . . . . . . . . . . . Used . | . . . . . . . . . . . . Hacking Detections 9 | . 6 . . . 2 . 1 . . . . Full Trace Events . | . . . . . . . . . . . . Feedback Events . | . . . . . . . . . . . . Feedback Blocked . | . . . . . . . . . . . . Robot Schematics Acquired . | . . . . . . . . . . . . Robots Built . | . . . . . . . . . . . . Authchips . | . . . . . . . . . . . . Time . | . . . . . . . . . . . . Total Robot Build Rating . | . . . . . . . . . . . . Part Schematics Acquired 5 | . 1 . . . . . . 4 . . . Parts Built . | . . . . . . . . . . . . Authchips . | . . . . . . . . . . . . Time . | . . . . . . . . . . . . Total Part Build Rating . | . . . . . . . . . . . . Part Studies Acquired . | . . . . . . . . . . . . Parts Repaired . | . . . . . . . . . . . . Time . | . . . . . . . . . . . . Parts Recycled . | . . . . . . . . . . . . Recycled Matter . | . . . . . . . . . . . . Retrieved Matter . | . . . . . . . . . . . . Retrieved Components . | . . . . . . . . . . . . Parts Scanalyzed . | . . . . . . . . . . . . Part Schematics Acquired . | . . . . . . . . . . . . Parts Damaged . | . . . . . . . . . . . . Bothacking | -11 -10 -10 -7 -7 -5 -5 -5 -5 -4 -4 -4 ------------ Run | Yrd Mat Sub Rec Scr Fac Upp Upp Zhi Pro Fac DSF Used RIF Installer . | . . . . . . . . . . . . Robots Hacked 1 | . . . . . . 1 . . . . . Non-combat 1 | . . . . . . 1 . . . . . Combat . | . . . . . . . . . . . . Robot Hacks Applied 1 | . . . . . . 1 . . . . . parse_system 1 | . . . . . . 1 . . . . . Relay Couplers Released . | . . . . . . . . . . . . Fabnet Peak Effective % . | . . . . . . . . . . . . Robots Rewired . | . . . . . . . . . . . . Allies Hacked . | . . . . . . . . . . . . Hacks Repelled . | . . . . . . . . . . . . Allies | -11 -10 -10 -7 -7 -5 -5 -5 -5 -4 -4 -4 -------- Run | Yrd Mat Sub Rec Scr Fac Upp Upp Zhi Pro Fac DSF Total Allies . | . . . . . . . . . . . . Largest Group . | . . . . . . . . . . . . Highest-Rated Group . | . . . . . . . . . . . . Highest-Rated Ally . | . . . . . . . . . . . . Initial UFD Resources 41 | . . . . . 38 38 38 38 41 41 41 Total Orders . | . . . . . . . . . . . . Ally Attacks . | . . . . . . . . . . . . Total Damage . | . . . . . . . . . . . . Kills . | . . . . . . . . . . . . Allies Corrupted . | . . . . . . . . . . . . Allies Melted . | . . . . . . . . . . . . Intel | -11 -10 -10 -7 -7 -5 -5 -5 -5 -4 -4 -4 ------- Run | Yrd Mat Sub Rec Scr Fac Upp Upp Zhi Pro Fac DSF Active Infowar (turns) 11446 | 57 1545 3893 185 2251 916 1118 785 177 405 51 63 Sensors 1842 | . . . . . 908 934 . . . . . Terrain 8600 | . . 3330 185 1996 906 1118 785 177 103 . . Structural 817 | . . . . 255 562 . . . . . . Seismic 2165 | 57 1545 563 . . . . . . . . . Jamming 423 | . . . . . 41 . . . 302 51 29 ECM 411 | . . . . . . . . . 297 51 63 Robot Analysis Total 4 | . . . . . . . . 4 . . . Derelict Logs Recovered 9 | . . 1 . 4 . 1 2 . 1 . . Drone Launches . | . . . . . . . . . . . . Drone Recoveries . | . . . . . . . . . . . . Exploration | -11 -10 -10 -7 -7 -5 -5 -5 -5 -4 -4 -4 ------------- Run | Yrd Mat Sub Rec Scr Fac Upp Upp Zhi Pro Fac DSF Turns Passed 12533 | 194 1567 3893 185 2947 916 1118 890 206 429 51 137 Spaces Moved 5938 | 82 793 553 116 1865 504 783 642 158 296 37 109 Core 232 | 3 . . . 190 . . . . . . 39 Treads 3405 | 79 793 553 116 1675 189 . . . . . . Legs 2301 | . . . . . 315 783 642 158 296 37 70 Wheels . | . . . . . . . . . . . . Hover . | . . . . . . . . . . . . Flight . | . . . . . . . . . . . . Fastest Speed 50 | 50 160 160 160 100 120 120 120 120 120 120 100 Average Speed 142 | 155 160 168 160 153 135 120 120 120 120 120 112 Slowest Speed 240 | 160 160 240 160 160 190 120 120 120 120 120 120 Overloaded Moves . | . . . . . . . . . . . . Propulsion Burnouts . | . . . . . . . . . . . . Robots Hopped . | . . . . . . . . . . . . Potential Cave-ins 2 | . . 2 . . . . . . . . . Cave-ins Triggered 1 | . . . . . . . . . 1 . . Teleports 1 | . . . . . . . . . 1 . . Exploration Rate (%) 50 | 3 95 31 20 88 10 94 75 61 54 2 74 Regions Visited 11 Branch Regions 7 Pre-discovered Areas 11 | . . . . 6 . . 2 3 . . . Known Exits Taken 8 | . . 1 . 1 1 1 1 1 1 1 . Unknown Exits Taken 3 | 1 1 . 1 . . . . . . . . Scrap Searched 16 | . . . . 8 . 3 3 . 2 . . Spaces Dug 23 | . . 3 . . 11 5 2 . 2 . . Terrain Destroyed 24 | . . 4 . . 11 5 2 . 2 . . Melee 20 | . . . . . 11 5 2 . 2 . . Projectile 4 | . . 4 . . . . . . . . . AOE . | . . . . . . . . . . . . Terrain Rammed . | . . . . . . . . . . . . Walls Destroyed . | . . . . . . . . . . . . Machines Disabled . | . . . . . . . . . . . . Actions | -11 -10 -10 -7 -7 -5 -5 -5 -5 -4 -4 -4 --------- Run | Yrd Mat Sub Rec Scr Fac Upp Upp Zhi Pro Fac DSF Total 9612 | 113 991 3403 116 1958 673 933 733 175 349 43 125 Wait 3138 | 1 111 2747 1 12 81 111 53 4 13 3 1 Move 5927 | 81 792 552 115 1864 503 782 641 157 295 36 109 Hop . | . . . . . . . . . . . . Pick Up 91 | 4 17 12 . 36 14 3 3 2 . . . Fast Attach 41 | 9 1 2 . 4 7 3 2 5 4 1 3 Attach 25 | . 1 5 . 1 11 1 . . 3 2 1 Detach 11 | . . . . 2 2 1 . . . 1 5 Swap 33 | . 7 8 . 5 2 4 6 1 . . . Drop 86 | 2 10 9 . 34 8 6 7 6 1 . 3 Fire 134 | 16 50 68 . . . . . . . . . Melee 108 | . . . . . 45 22 21 . 20 . . Ram 3 | . . . . . . . . . . . 3 Kick . | . . . . . . . . . . . . Crush 2 | . 2 . . . . . . . . . . Escape Stasis . | . . . . . . . . . . . . Rewire 13 | . . . . . . . . . 13 . . Trap . | . . . . . . . . . . . . Miscellaneous . | . . . . . . . . . . . . Route ------- -11/Scrapyard -10/Materials (discovered 5 exits: [*Mat x3] / [*Min] / *Sub) -10/Subcaves (discovered 2 exits: Mat / *Rec) -7/Recycling (discovered 2 exits: Fac / *Scr) -7/Scraptown (discovered 2 exits: *Fac x2) -5/Factory (discovered 4 exits: Fac x2 / *Upp x2) -5/Upper Caves -5/Upper Caves (discovered 2 exits: *Fac / *Zhi) -5/Zhirov -4/Proximity Caves -4/Factory (discovered 2 exits: Res / DSF) -4/DSF (discovered 1 exit: *Res) History --------- Turn | Location | Event 19 | -11/Scrapyard | Discovered new exit (range 16) 195 | -11/Scrapyard | Entered Materials 312 | -10/Materials | Build established: Mutant 566 | -10/Materials | Discovered new exit (range 10) 826 | -10/Materials | Discovered new exit (range 8) 937 | -10/Materials | Learned 4 Recycling zone layouts 999 | -10/Materials | Central database locked down 1036 | -10/Materials | Learned Storage garrison access intel 1069 | -10/Materials | Learned location of 2 exits from Subcaves 1091 | -10/Materials | Loaded intel: 8 terminal locations 1121 | -10/Materials | Learned location of 1 exit from Storage 1477 | -10/Materials | Discovered new exit (range 4) 1490 | -10/Materials | Discovered new exit (range 15) 1746 | -10/Materials | Discovered new exit (range 8) 1762 | -10/Materials | Entered Subcaves 1763 | -10/Subcaves | Identified exit to Recycling 1763 | -10/Subcaves | Identified exit to Materials 1996 | -10/Subcaves | A swath of the cavern ceiling suddenly collapsed 2195 | -10/Subcaves | Lost 5 parts (2p2n1w) 2351 | -10/Subcaves | Core integrity fell below 50% 2578 | -10/Subcaves | Visited Clippyterm 2583 | -10/Subcaves | Learned Factory emergency access door positions 2640 | -10/Subcaves | Build established: Scavenger-Mutant 2643 | -10/Subcaves | A swath of the cavern ceiling suddenly collapsed 5576 | -10/Subcaves | Ambushed by Subdweller buried in earth 5655 | -10/Subcaves | Entered Recycling 5656 | -7/Recycling | Identified exit to Factory 5738 | -7/Recycling | Scanned before Scraplab entrance 5824 | -7/Recycling | Entered Scraplab 5837 | -7/Recycling | Discovered new exit (range 3) 5840 | -7/Recycling | Entered Scraptown 5911 | -7/Scraptown | Learned location of Extension (-6) 5981 | -7/Scraptown | Heard Great Nut preacher, LISTEN AND RECITE! 6059 | -7/Scraptown | Scanned Subdweller tech in exchange for log data 6063 | -7/Scraptown | Learned location of Zion (-7) 6064 | -7/Scraptown | Learned Factory stockpile data 6066 | -7/Scraptown | Learned 12 Factory zone layouts 6089 | -7/Scraptown | Discovered exit to Factory (range 13) 6216 | -7/Scraptown | Build established: Mutant 6733 | -7/Scraptown | Visited IN-MT5's Study 6767 | -7/Scraptown | Visited Cave Peace 6810 | -7/Scraptown | Visited Assassins FH 6829 | -7/Scraptown | Visited Observation Area 6868 | -7/Scraptown | Visited Red Mages 6957 | -7/Scraptown | Visited Shadow of the Wyrm 7010 | -7/Scraptown | Visited UFD Registry 7010 | -7/Scraptown | Registered with UFD as "Rustnuts" 7111 | -7/Scraptown | Visited A0-MCA Data Center 7148 | -7/Scraptown | Visited Junk Repository 7221 | -7/Scraptown | Visited DA-N13 Charitable Foundation 7228 | -7/Scraptown | Found DCF Scrap (31 items) 7394 | -7/Scraptown | Visited LU-1G1's Boring Crew 7421 | -7/Scraptown | Visited Research Penetration Think Tank 7471 | -7/Scraptown | Visited Sword Containment 7489 | -7/Scraptown | Found Prototype Slashing Weapon 7489 | -7/Scraptown | Identified Companion Sword 7518 | -7/Scraptown | Visited Cartography Club 7559 | -7/Scraptown | Visited Abandonware Association 7579 | -7/Scraptown | Learned abandonware demo "REVENGE.EXE" 7579 | -7/Scraptown | Learned abandonware demo "REBOOT5.EXE" 7617 | -7/Scraptown | Visited Curators Association 7678 | -7/Scraptown | Visited Chapter 10 7847 | -7/Scraptown | Given a B rating by A0-MCA 7850 | -7/Scraptown | Found A0-MCA's Component Scanner 8397 | -7/Scraptown | Found Surveybot 17 Chip 8484 | -7/Scraptown | Learned location of Storage (-7) 8484 | -7/Scraptown | Learned location of Proximity Caves (-4) 8484 | -7/Scraptown | Learned 12 Factory zone layouts 8484 | -7/Scraptown | Learned 24 Factory zone layouts 8484 | -7/Scraptown | Learned 4 Access zone layouts 8484 | -7/Scraptown | Learned 4 Recycling zone layouts 8484 | -7/Scraptown | Learned 12 Lower Caves zone layouts 8484 | -7/Scraptown | Learned 16 Lower Caves zone layouts 8484 | -7/Scraptown | Learned location of 1 exit from Factory 8484 | -7/Scraptown | Learned location of 1 exit from Research 8532 | -7/Scraptown | Found Deep Structural Scanner 8696 | -7/Scraptown | Discovered exit to Factory (range 12) 8787 | -7/Scraptown | Entered Factory 8787 | -5/Factory | Evolved 10 slots: Power x1, Propulsion x2, Utility x7 8788 | -5/Factory | Identified exit to Upper Caves 8789 | -5/Factory | Identified exit to Factory 9097 | -5/Factory | Build established: Derelict-Assassin 9703 | -5/Factory | Entered Upper Caves 9721 | -5/Upper Caves | Build established: Scavenger-Assassin 9872 | -5/Upper Caves | Found Alien Artifact 9872 | -5/Upper Caves | Identified Dimensional Node Initializer 9872 | -5/Upper Caves | Initialized slip node 10314 | -5/Upper Caves | Spotted B-75 Beast 10366 | -5/Upper Caves | Discovered new exit (range 14) 10413 | -5/Upper Caves | Identified exit to Upper Caves 10598 | -5/Upper Caves | Attracted the attention of an 0b10 checkpoint 10671 | -5/Upper Caves | Learned Factory emergency access door positions 10821 | -5/Upper Caves | Entered another Upper Caves area 10821 | -5/Upper Caves | Discovered exit to Factory (range 9) 10935 | -5/Upper Caves | Build established: Scavenger-Mutant 11161 | -5/Upper Caves | Learned Factory stockpile data 11347 | -5/Upper Caves | Discovered new exit (range 14) 11364 | -5/Upper Caves | Identified exit to Zhirov 11560 | -5/Upper Caves | Attracted the attention of an 0b10 base 11560 | -5/Upper Caves | Learned location of 1 exit from Proximity Caves 11560 | -5/Upper Caves | Learned 8 Factory zone layouts 11560 | -5/Upper Caves | Learned Factory emergency access door positions 11711 | -5/Upper Caves | Entered Zhirov 11711 | -5/Zhirov | Discovered new exit (range 3) 11713 | -5/Zhirov | Identified exit to Proximity Caves 11759 | -5/Zhirov | Learned location of Quarantine (-3) 11759 | -5/Zhirov | Learned location of Testing (-2) 11759 | -5/Zhirov | Learned location of Command (-1) 11796 | -5/Zhirov | Found Alien Artifact 11796 | -5/Zhirov | Identified Integrated Reactor 11796 | -5/Zhirov | Installed Integrated Reactor, increased core energy generation (+10) 11814 | -5/Zhirov | Found Alien Artifact 11917 | -5/Zhirov | Entered Proximity Caves 11925 | -4/Proximity Caves | Spotted B-86 Titan 12018 | -4/Proximity Caves | Crushed by falling debris 12024 | -4/Proximity Caves | Identified Transdimensional Reconstructor 12024 | -4/Proximity Caves | Warped through subspace 12052 | -4/Proximity Caves | Lost 5 parts (1p4u) 12198 | -4/Proximity Caves | Spotter reported a threat 12223 | -4/Proximity Caves | Spotter reported a threat 12269 | -4/Proximity Caves | Core integrity fell below 50% 12304 | -4/Proximity Caves | Lost 3 parts (1n2u) 12321 | -4/Proximity Caves | Build established: Derelict-Mutant 12341 | -4/Proximity Caves | Spotter reported a threat 12346 | -4/Proximity Caves | Entered Factory 12346 | -4/Factory | Evolved 2 slots: Utility x2 12347 | -4/Factory | Identified exit to Research 12397 | -4/Factory | Identified exit to DSF 12397 | -4/Factory | Entered DSF 12433 | -4/DSF | Additional patrols routed to DSF 12492 | -4/DSF | Lost 9 parts (1p4n4u) 12522 | -4/DSF | Discovered exit to Research (range 16) 12523 | -4/DSF | Core integrity fell below 50% 12529 | -4/DSF | Core integrity fell below 20% 12534 | -4/DSF | Destroyed by X-72 Disruptor with Arc Projector Last Messages --------------- 12459_ Dropped Imp. Force Booster. 12460_ Dropped Mak. ECM Suite. 12461_ Mak. System Shield destroyed. 12461_ Critical hit (Blast). 12461_ Knocked back. 12462_ Acquired 3 matter. Companion Sword: "Everything is replaceable, except me of course." 12492_ Flexi-carbon Leg destroyed. 12495_ Adv. Hacking Suite destroyed. 12518_ C-30 ARC bursts open, deploying its payload. 12518_ S-27 Virus unfolds itself. 12522_ EXIT=FOUND: RESEARCH 12526_ Slammed into S-27 Virus. 12528_ S-27 Virus destroyed. 12528_ Slammed into S-27 Virus. 12533_ Critical hit (Destroy). 12533_ Companion Sword destroyed. Companion Sword: "Goodbye, friend." Map ----- +----------------------------------------------------+ | | | | | | | | | | | | | | | | | | | | | | | ???????????????????????????????????? | | ???????????????????????????????????? | | ???????????????????????????????????? | | ???????????????????????????????????? | | ???????????????????????????????????? | | ???????????????????????#"??????????? | | ??????????????????????##"##????????? | | ??????????????????????#"""""???????? | | ?????????????????????##"""""???????? | | ????????????????????? <""???????? | | ?????????????????????? "????????? | | ??????????????????????? "????????? | | ???????????????????????# #????????? | | ?????????????????????### ##???????? | | ?????????????????????#// @/#???????? | | ?????????????????????#// /#???????? | | ?????????????????????### %##???????? | | ?????????????????????#/sss #???????? | | ?????????????????????#// s #???????? | | ?????????????????????#/x #???????? | | ###???#???????#???###### ###??????? | | !!#?!!#???????#!!?#]]]?# %= #??????? | | !!#!!!## ##!!!#]]]## = #??????? | | !!#??????? | | H !!#??????? | | !!#??????? | | !!#]]]## ##!!!#***## #??????? | | !!#???#?# #?#!!?#***?# #??????? | | ?##???### ###???###### ###??????? | | ???????!! ]]???????#!! x #???????? | | ???????!! ]]???????#!! #???????? | | ????????! ]????????#!! #???????? | | ??????### ###??????### ##???????? | | ??????# ||#??????#!! !#???????? | | ??????# ||#??????#!! !#???????? | | ####### ||########## ##???????? | | #!!!#?# #?# # ### ###??????? | | #!!!### ### # ## ""###????? | | """""????? | +----------------------------------------------------+ Best States ------------- Heat Dissipation 43 Energy Generation 49 Energy Capacity 525 Matter Stores 300 Matter Capacity 300 Sight Range 16 Robot Scan Range 15 Terrain Scan Range 16 Terrain Scan Density 1210 ECM Strength 2 Jamming Range 14 Armor Coverage 450 Propulsion Shielding 90 Melee Speed Boost 20 Evasion (%) 67 Melee Accuracy 6 Recoil Reduction 3 Force Boost 30 Offensive Hacking 14 Defensive Hacking 11 Item Schematics ----------------- Hcp. Storage Unit | -10/Materials | Hacked Assault Drone Bay | -5/Zhirov | Free Exp. Heat Sink | -5/Zhirov | Free Exp. Optical Array | -5/Zhirov | Free Imp. Arc Thrower | -5/Zhirov | Free Robot Schematics ------------------ None Fabricated ------------ Nothing Repaired ---------- Nothing Studied --------- None Alien Tech Used ----------------- Dimensional Node Initializer Integrated Reactor Transdimensional Reconstructor Achievements -------------- None Challenges ------------ None Game ------ Seed EnhancedPiercingBallwheel Manual? 0 Play Time 00:57:09 Cumulative 297.3 hours Start 2026.01.09 @ 20:34:56 End 2026.01.09 @ 21:31:50 Sessions 1 Manual Loads 0 Difficulty Rogue Special Mode None Game No. 197 Rogue 197 Adventurer 0 Explorer 0 Win Type - Total 10 Types 7/0/1/1/0/0/0/1/0/0 Lore% 91 Gallery% 79 Achievement% 64 Wizard Run 0 Options --------- Layout 1 ASCII 0 Keyboard 0 Movement Mouse Keybinds 0 Fullscreen 2 Font 32/SmallcapsGlow Map View 50x35 Zoom Use 0% Tactical HUD 1 Map Filters NONE Filters NONE Steam 1 RUN: c4129a37-9e47-41ed-a743-964d9300f50f